 Dungeon Crawl Stone Soup version 0.30-a0-596-g0af90f9a20 (webtiles) character file.

Game seed: 3009842489407219285

202 bmack86 the Trooper (level 5, -3/48 HPs)
             Began as a Minotaur Fighter on Jan 7, 2023.
             Slain by a hornet (14 damage)
             ... on level 4 of the Dungeon.
             The game lasted 00:06:52 (3360 turns).

bmack86 the Trooper (Minotaur Fighter)              Turns: 3360, Time: 00:06:52

Health: -3/48      AC:  7    Str: 23    XL:     5   Next: 50%
Magic:  4/4        EV:  9    Int:  5    God:
Gold:   252        SH:  4    Dex:  9    Spells: 4/4 levels left

rFire   . . .      SeeInvis .    a - +0 war axe (heavy)
rCold   . . .      Faith    .    c - +0 buckler
rNeg    . . .      Spirit   .    b - +0 scale mail
rPois   .          Reflect  .    (helmet restricted)
rElec   .          Harm     .    (no cloak)
rCorr   .          Rampage  .    (no gloves)
Will    .....                    (no boots) Stlth
                                 (no amulet)
HPRegen 0.28/turn                (no ring)
MPRegen 0.09/turn                (no ring)

@: lethally poisoned (-3 -> -7), slowed, studying Fighting, very slow
A: horns 2, retaliatory headbutt
a: no special abilities


You were on level 4 of the Dungeon.
You visited 1 branch of the dungeon, and saw 4 of its levels.

You collected 252 gold pieces.

Inventory:

Hand Weapons
 a - a +0 heavy war axe (weapon)
Missiles
 f - 3 javelins (quivered)
 g - 11 poisoned darts
 i - 2 boomerangs of dispersal
Armour
 b - a +0 scale mail (worn)
 c - a +0 buckler (worn)
Jewellery
 k - an amulet of faith
Scrolls
 e - 2 scrolls of identify
 j - a scroll of fear
 n - a scroll of teleportation
Potions
 d - 2 potions of might
 h - a potion of haste
 l - a potion of cancellation {unknown}
 m - 3 potions of curing
 s - a potion of heal wounds


   Skills:
 * Level 5.5 Fighting
 * Level 4.4 Axes
 + Level 1.4 Throwing
 + Level 4.4 Armour
 + Level 4.3 Shields


You had 4 spell levels left.
You didn't know any spells.
Your spell library contained the following spells:

 Spells                   Type           Power      Damage    Failure   Level
 Freeze                   Ice            0%         1d3       86%         1
 Frozen Ramparts          Ice            0%         1d1       99%         3
 Hailstorm                Conj/Ice       0%         3d3       99%         3


Dungeon Overview and Level Annotations

Branches:
Dungeon (4/15)
 Temple: D:4-7

Altars:

Shops:
D:1 *


Innate Abilities, Weirdness & Mutations

You have a pair of horns on your head.
You reflexively headbutt those who attack you in melee.


Message History

Your extra speed is starting to run out.
The hobgoblin closely misses you.
You hit the hobgoblin but do no damage. You block the hobgoblin's attack.
You slash the hobgoblin!
You kill the hobgoblin!
You feel yourself slow down.
Found a scroll of teleportation.
n - a scroll of teleportation
Found a flail.
You see here a +0 flail.
e - 2 scrolls of identify (gained 1)
Found a long sword.
You now have 252 gold pieces (gained 13).
A hornet comes into view.
The hornet buzzes angrily.
A dart slug comes into view.
The hornet stings you but does no damage.
The hornet stings you but does no damage.
You closely miss the hornet. The hornet barely misses you.
The hornet stings you!
You suddenly lose the ability to move!
The hornet stings you.
You feel yourself slow down. The dart slug launches a dart at you.
The slug dart hits you.
You can move again.
You closely miss the hornet. The hornet closely misses you.
The hornet stings you.
You feel as though you will be slow longer.
The hornet stings you but does no damage.
The dart slug launches a dart at you. The slug dart hits you.
The hornet stings you!
You are poisoned.
You feel as though you will be slow longer.
The dart slug launches a dart at you. The slug dart hits you.
The hornet stings you.
You shrug off the repeated paralysis!
You slash the hornet! Your headbutt misses the hornet.
The hornet is moderately wounded.
You feel very sick. The hornet stings you!
You die...

#...................#
.....#..########.#.#.#
####.#..#........#.#.# #
#..#.########.#.# #..#)#
#.#.# #..#.##### #.#.#
#..#...w. #.#.#
##.#y.#######.#..
##..@.........###.##
#....................#
####......####..######
######.# #..# #### #.# #..#
...# #.# #..# ##.#
####.####..# #.#
#.......#..#
##.###################.#...


You could see a hornet and a dart slug.

Vanquished Creatures
  A scorpion (D:4)
  4 gnolls (D:4)
  3 adders
  2 worms
  An orc (D:3)
  6 ball pythons
  5 endoplasms
  A giant cockroach (D:3)
  6 hobgoblins
  10 jackals
  7 quokkas
  3 bats
  4 frilled lizards
  4 goblins
  7 kobolds
  6 rats
70 creatures vanquished.

Notes
Turn   | Place    | Note
-------+----------+-------------------------------------------
     0 | D:1      | bmack86 the Minotaur Fighter began the quest for the Orb.
     0 | D:1      | Reached XP level 1. HP: 19/19 MP: 0/0
   264 | D:1      | Reached XP level 2. HP: 27/27 MP: 1/1
   441 | D:1      | Found Zuet's Assorted Antiques.
   552 | D:1      | Reached skill level 4 in Fighting
   937 | D:2      | Reached XP level 3. HP: 33/33 MP: 2/2
  2038 | D:3      | Reached XP level 4. HP: 19/41 MP: 3/3
  2153 | D:3      | Reached skill level 1 in Throwing
  3197 | D:4      | Noticed a scorpion
  3202 | D:4      | Killed a scorpion
  3203 | D:4      | Reached skill level 5 in Fighting
  3203 | D:4      | Reached XP level 5. HP: 45/48 MP: 4/4
  3355 | D:4      | Noticed a hornet
  3358 | D:4      | Paralysed by a hornet for 1 turns
  3360 | D:4      | Slain by a hornet

Illustrated notes

Levels and vault maps discovered:
D:1:      roderic_chinese_lattice_arrival, layout_basic, serial_shops, shop,
          st_stairs_10
D:2:      mumra_celtic_spiral_tile, layout_basic
D:3:      minmay_octagon_keep, layout_loops_corners
D:4:      layout_basic, kennysheep_mini, nicolae_vehumet_radiance,
          nicolae_shop_dragon_depot

Skill      XL: |  1  2  3  4 |
---------------+-------------+-----
Fighting       | 4 5 |  5.5
Axes           | 3 4 |  4.4
Armour         | 4 |  4.4
Shields        | 4 |  4.3
Throwing       | 1 |  1.4

Action                   |  1- 3 |  4- 6 || total
-------------------------+-------+-------++-------
Melee: War axe           |    69 |    67 ||   136
       Headbutt          |     5 |     5 ||    10
Throw: Javelin           |     1 |       ||     1
  Use: Scroll            |       |    10 ||    10
       Potion            |       |     2 ||     2
Armor: Scale mail        |    25 |    31 ||    56
Dodge: Dodged            |    30 |    33 ||    63
Block: Buckler           |    19 |    18 ||    37

Table legend: (Time is in decaauts)
 A = Elapsed time spent in this place.
 B = Non-inter-level travel time spent in this place.
 C = Inter-level travel time spent in this place.
 D = Time resting spent in this place.
 E = Time spent auto-exploring this place.
 F = Levels seen in this place.
 G = Mean time per level.
                   A        B        C        D        E       F      G
               +--------+--------+--------+--------+--------+-----+--------+
         Total |   3412 |   3297 |    115 |     64 |   2533 |   4 |  853.0 |
       Dungeon |   3412 |   3297 |    115 |     64 |   2533 |   4 |  853.0 |
               +--------+--------+--------+--------+--------+-----+--------+

Top non-repeatable levels by time:
     D:2: 1054 daAuts
     D:3: 1053 daAuts
     D:1: 907 daAuts
     D:4: 397 daAuts
